Unix NetHack Version 3.7.0-50 Work-in-progress - last build Mar 1 2022 18:03:48 (3214c02c36e7653d92696a1813e68efb70587e3e,branch:master). Game began 2022-02-27 11:51:53, ended 2022-03-02 17:38:58. torpedovariant, chaotic female orcish Barbarian --------- |.......| |.......| ----- |..._...| |... a |.......| --..---------@ | |.......| | --...|.......| |. ----.---- .| ......---..A.|.....@.| |......%)%....| .%...A@AA%@@.-.@@@@..| ---.%%.%%%..--- ......---.A..|.......|B -----%----- .....-- --AA.|.......| ... --%---- --..--------- . -- --- .%.. ----... |.... ......).| .... |......... ------ .......)-- .... --...------ .........-- .%.. --....| ..........----)----.).--- ...............%..... ----- ----------- Torpedovariant the Raider St:25 Dx:18 Co:18 In:16 Wi:16 Ch:15 Chaotic Astral Plane $:0 HP:298(314) Pw:44(44) AC:-32 Exp:16 T:34415 Latest messages: The Angel of Mitra hits the Angel of Crom. The high priestess intones: "Pilgrim, you enter a sacred place!" Alex the invisible Herbalist turns to flee. Dave the invisible Journeyer turns to flee. The Angel of Crom swings her long sword at Steve the invisible Herbalist. The Angel of Crom hits Steve the invisible Herbalist. The Angel of Crom swings her long sword at Steve the invisible Herbalist. The Angel of Crom misses Steve the invisible Herbalist. The Angel of Crom hits Steve the invisible Herbalist. The Angel of Mitra zaps you with a magic missile! The magic missile misses the Angel of Mitra. The magic missile whizzes by you! The magic missile hits the high priestess! The Angel of Set zaps you with a magic missile! The magic missile whizzes by you! The magic missile bounces! The magic missile hits the priest of Set! The renegade Angel of Set swings his long sword at the Angel of Mitra. The renegade Angel of Set hits the Angel of Mitra. The renegade Angel of Set swings his long sword at the Angel of Mitra. The renegade Angel of Set hits the Angel of Mitra. The renegade Angel of Set misses the Angel of Mitra. The priest of Crom wields a mace! Dave the invisible Journeyer wields a long sword! The Angel of Mitra swings her long sword at the killer bee. The Angel of Mitra hits the killer bee. The killer bee is killed! The renegade Angel of Set swings his long sword at Steve the invisible Herbalist. The renegade Angel of Set misses Steve the invisible Herbalist. The renegade Angel of Set swings his long sword at Steve the invisible Herbalist. The renegade Angel of Set hits Steve the invisible Herbalist. The renegade Angel of Set hits Steve the invisible Herbalist. The Angel of Crom picks up a robe. The Angel of Crom puts on a robe. The priest of Set wields a mace! The mace welds itself to the priest of Set's hand! The Angel of Moloch picks up a large shield. Steve the invisible Herbalist zaps a wand of lightning! The bolt of lightning hits the priest of Crom. The bolt of lightning misses Alex the invisible Herbalist. The bolt of lightning hits Dave the invisible Journeyer! There is a high altar to Set (chaotic) here. What do you want to sacrifice? [X or ?*] You offer the Amulet of Yendor to Set... An invisible choir sings, and you are bathed in radiance... The voice of Set thunders: "Mortal, thou hast done well!" "In return for thy service, I grant thee the gift of Immortality!" You ascend to the status of Demigoddess... Do you want your possessions identified? [ynq] (y) Major events: Turn 2379: reached Mine Town 5515: entered Sokoban 9161: completed Sokoban 14069: acquired the Mines' End luckstone 23551: killed Medusa 24903: attained the rank of Raider (level 14) 27840: acquired the Bell of Opening 28462: entered Gehennom 30719: acquired the Candelabrum of Invocation 33168: acquired the Book of the Dead 33215: performed the invocation 33345: acquired The Amulet of Yendor 34100: entered the Planes 34339: entered the Astral Plane 34415: ascended Inventory: Amulets U - an uncursed amulet of reflection (being worn) Weapons a - the blessed rustproof +7 Excalibur (wielded in right hand) w - an uncursed +7 silver saber (wielded in left hand) Armor B - a blessed greased +5 gray dragon scale mail (being worn) C - an uncursed thoroughly burnt +5 oilskin cloak (being worn) D - a blessed greased fireproof +5 pair of speed boots (being worn) E - an uncursed rustproof +5 pair of gauntlets of power (being worn) F - a blessed rustproof +5 helm of telepathy (being worn) Comestibles L - an uncursed lizard corpse named KFC Spellbooks N - the uncursed Book of the Dead Rings l - a blessed +3 ring of increase damage n - a blessed ring of conflict (on left hand) P - a blessed ring of levitation W - a blessed ring of free action (on right hand) Wands f - an uncursed wand of death (1:0) q - an uncursed wand of death (0:8) z - an uncursed wand of digging (0:0) H - an uncursed wand of teleportation (0:5) Tools b - a blessed greased bag of holding containing 98 items e - a blessed stethoscope k - an uncursed skeleton key s - a blessed oilskin sack named cancellation containing 1 item t - a blessed towel u - a blessed +0 unicorn horn named h e-vortex v - the uncursed Candelabrum of Invocation (0 of 7 candles attached) V - the uncursed Bell of Opening (0:0) Gems/Stones x - the blessed Heart of Ahriman Contents of the bag of holding: an uncursed amulet of life saving an uncursed amulet of magical breathing an uncursed +0 pair of water walking boots an uncursed +0 mummy wrapping 8 uncursed food rations an uncursed lizard corpse named MCD 2 blessed scrolls of scare monster an uncursed scroll of scare monster 8 blessed scrolls of blank paper 9 uncursed scrolls of blank paper a cursed scroll of blank paper an uncursed scroll of create monster a blessed scroll of earth 3 uncursed scrolls of earth 2 uncursed scrolls of enchant armor 8 uncursed scrolls of enchant weapon a blessed scroll of fire an uncursed scroll of food detection 4 blessed scrolls of gold detection 2 blessed scrolls of identify 6 uncursed scrolls of identify a blessed scroll of remove curse 3 uncursed scrolls of remove curse 3 blessed scrolls of teleportation an uncursed scroll of teleportation an uncursed potion of fruit juice 20 potions of holy water an uncursed potion of water a potion of unholy water a blessed potion of extra healing 4 blessed potions of full healing an uncursed potion of healing an uncursed potion of invisibility an uncursed potion of oil a blessed potion of paralysis 5 uncursed potions of paralysis a blessed potion of restore ability 2 uncursed diluted potions of restore ability an uncursed potion of sleeping a cursed potion of speed an uncursed ring of levitation an uncursed ring of levitation an uncursed ring of levitation an uncursed +1 ring of protection an uncursed ring of regeneration an uncursed ring of slow digestion a blessed ring of teleport control an uncursed ring of teleport control an uncursed ring of teleport control an uncursed ring of teleportation an uncursed wand of cold (0:5) an uncursed wand of cold (0:4) an uncursed wand of digging (0:3) an uncursed wand of digging (0:4) an uncursed wand of digging (0:6) an uncursed wand of digging (0:7) an uncursed wand of fire (0:3) an uncursed wand of fire (0:6) an uncursed wand of fire (0:2) an uncursed wand of fire (0:5) an uncursed wand of lightning (0:2) an uncursed wand of lightning (0:3) an uncursed wand of lightning (0:5) an uncursed wand of secret door detection (0:14) an uncursed wand of sleep (0:8) an uncursed wand of sleep (0:4) an uncursed wand of sleep (0:5) an uncursed wand of sleep (0:4) an uncursed wand of sleep (0:8) an uncursed wand of sleep (0:5) a blessed wand of striking (0:0) an uncursed wand of striking (0:4) an uncursed wand of striking (0:0) an uncursed wand of wishing (1:1) an uncursed bugle an uncursed can of grease (0:13) an uncursed can of grease (0:13) a blessed magic marker (1:20) an uncursed +0 pick-axe 3 uncursed agate stones 4 uncursed amethyst stones an uncursed aquamarine stone 2 uncursed black opals 2 uncursed chrysoberyl stones 2 uncursed citrine stones 6 uncursed diamonds 7 uncursed emeralds 6 uncursed fluorite stones 5 uncursed garnet stones 6 uncursed jasper stones an uncursed jet stone 2 uncursed opals 3 uncursed rubies 6 uncursed sapphires 3 uncursed topaz stones 4 uncursed turquoise stones a blessed luckstone 2 blessed touchstones Contents of the oilskin sack named cancellation: an uncursed wand of cancellation (0:4) Torpedovariant the Barbarian's attributes: Background: You were a Raider, a level 16 female orcish Barbarian. You were chaotic, on a mission for Set who was opposed by Mitra (lawful) and Crom (neutral). You were in the endgame, on the Astral Plane. You entered the dungeon 34415 turns ago. There was a new moon in effect when your adventure ended. You had 390436 experience points, 249564 more were needed to attain level 17. Basics: You had 298 out of 314 hit points. You had all 44 energy points (spell power). Your armor class was -32. Your wallet was empty. Autopickup was off. Final Characteristics: Your strength was 25 (base:18/21, innate limit:18/50). Your dexterity was 18 (limit:18). Your constitution was 18 (limit:18). Your intelligence was 16 (limit:16). Your wisdom was 16 (limit:16). Your charisma was 15 (limit:16). Final Status: You were not hungry. You were unencumbered. You were wielding two weapons at once. Your skill in long sword was limited by being basic with two weapons. You had basic skill with saber and two weapons. Final Attributes: You were piously aligned. You were magic-protected. You were fire resistant. You were cold resistant. You were sleep resistant. You were disintegration-resistant. You were shock resistant. You were poison resistant. You were level-drain resistant. You saw invisible. You were telepathic. You had automatic searching. You had infravision. You were invisible to others. You were stealthy. You caused conflict. You had a small defense bonus (+5). You were guarded. You were very fast. You had reflection. You had free action. You were extremely lucky. You had extra luck. Good luck did not time out for you. You survived. Miscellaneous: You encountered 1 bones level. Total elapsed playing time was 4 hours, 34 minutes and 46 seconds. Vanquished creatures: Asmodeus Baalzebub Orcus Juiblex the Wizard of Yendor (thrice) Pestilence (twice) Famine Vlad the Impaler an arch-lich a high cleric Medusa 17 krakens 3 master liches 3 balrogs Thoth Amon 2 purple worms 2 gray dragons 2 silver dragons a red dragon a white dragon 2 orange dragons 3 black dragons a blue dragon a green dragon 2 yellow dragons 10 minotaurs 3 jabberwocks 4 baluchitheria 8 Angels 7 demiliches 2 stone golems 3 Olog-hai a pit fiend a hell hound 2 displacer beasts 2 titanotheres a trapper a baby white dragon 4 baby yellow dragons 2 guardian nagas 2 disenchanters 18 vampire leaders 3 skeletons 10 aligned clerics 3 captains 6 shades 11 liches 3 clay golems 3 nurses 4 ice devils 3 nalfeshnees a lurker above an Aleax a frost giant an ettin 2 golden nagas 32 vampires a lieutenant 27 ghosts 2 queen bees 3 winged gargoyles a mind flayer 6 giant mimics 3 long worms 4 zruties 6 fire giants 5 ogre tyrants 3 ice trolls 46 rock trolls an umber hulk 3 flesh golems 3 elven monarchs a doppelganger 2 hezrous 2 bone devils 5 large mimics 3 wumpuses 3 fire vortices 9 stalkers 6 air elementals a fire elemental 3 earth elementals 4 water elementals a hill giant 3 giant mummies 2 black nagas 3 xorns 15 giant zombies 6 elf-nobles 8 sergeants 6 barbed devils 2 vrocks 4 salamanders 4 wargs 2 winter wolves 2 hell hound pups 9 small mimics a glass piercer 4 warhorses 3 steam vortices 4 xans 7 ettin mummies an ogre leader 4 quantum mechanics 24 trolls a sasquatch an erinys 2 mariliths a djinni 8 sharks 8 electric eels 6 gelatinous cubes 2 pyrolisks 2 large dogs 3 freezing spheres 3 flaming spheres 4 shocking spheres a large cat 5 tigers 5 gargoyles 3 dwarf rulers 5 tengu 2 ochre jellies 7 leocrottas 4 energy vortices 2 mountain centaurs a stone giant an elf mummy 3 human mummies 5 red nagas 2 green slimes 6 pythons 7 pit vipers 3 cobras 32 wraiths 2 carnivorous apes 9 ettin zombies 5 leather golems 9 Grey-elves 45 soldiers an amorous demon 5 horned devils 9 chameleons 2 crocodiles 17 giant beetles 2 quivering blobs 6 cockatrices a wolf 2 winter wolf cubs 5 lynxes 31 gremlins a spotted jelly 10 leprechauns 5 orc-captains an iron piercer 11 giant spiders 5 scorpions 3 horses 3 ice vortices 3 black lights 7 vampire bats 3 forest centaurs 3 gnome rulers 5 dwarf mummies 59 ogres 4 brown puddings 6 rust monsters 5 owlbears 3 yetis 3 gold golems 2 werewolves 9 Green-elves 6 piranha 23 giant eels 7 lizards 2 chickatrices 3 dingoes 6 dogs 6 jaguars 2 dwarf leaders 6 blue jellies a white unicorn 5 dust vortices 2 ravens 3 plains centaurs 8 snakes 5 apes 18 human zombies 5 rope golems 5 Woodland-elves 19 soldier ants 7 fire ants 11 bugbears 3 lemures a quasit 5 wood nymphs 2 water nymphs 4 mountain nymphs 3 Mordor orcs 3 Uruk-hai 3 orc shamans 6 rock piercers 4 rock moles a woodchuck a pony 2 fog clouds 5 yellow lights 2 shriekers 5 violet fungi 17 gnome leaders 3 gnomish wizards 3 kobold mummies a black naga hatchling a guardian naga hatchling 5 gray oozes a barrow wight 16 elf zombies 9 ghouls 2 straw golems 3 paper golems 7 jellyfish 29 giant ants 3 little dogs 10 floating eyes 3 kittens 24 dwarves 3 homunculi 6 kobold leaders a kobold shaman 20 hill orcs 19 rothes 3 rabid rats a centipede 5 giant bats a monkey 19 orc zombies 14 dwarf zombies a wererat a werejackal 2 iguanas 48 killer bees 2 coyotes 5 hobbits 4 manes 10 hobgoblins an orc 7 giant rats 4 cave spiders 3 yellow molds 3 green molds 7 red molds 55 gnomes 18 garter snakes 7 gnome zombies 9 geckos 14 jackals 3 foxes a kobold 6 goblins 3 sewer rats 3 grid bugs a bat 10 lichens 11 kobold zombies 11 newts 1594 creatures vanquished. Genocided species: hobbits dwarves bugbears dwarf leaders dwarf rulers mind flayers master mind flayers energy vortices jellyfish piranha sharks giant eels electric eels krakens 14 species genocided. Voluntary challenges: You read items or engraved 112 times. You engraved Elbereth 2 times. You genocided 14 types of monsters. You used 4 wishes. You did not wish for any artifacts. You did not violate any of the special Sokoban rules. Achievements: You entered the Gnomish Mines. You attained the rank of Pillager. You entered Minetown. You attained the rank of Bandit. You entered a shop. You entered Sokoban. You attained the rank of Brigand. You completed Sokoban. You completed the Gnomish Mines. You entered a temple. You defeated Medusa. You learned the tune to open and close the Castle's drawbridge. You attained the rank of Raider. You had the Bell of Opening. You entered Gehennom. You had the Candelabrum of Invocation. You had the Book of the Dead. You gained access to Moloch's Sanctum. You reached the Elemental Planes. You reached the Astral Plane. You delivered the Amulet of Yendor. You ascended! The Elemental Planes: Astral Plane: <- You are here. Some temples. Plane of Water: Plane of Fire: Plane of Air: Plane of Earth: The Dungeons of Doom: levels 1 to 25 Level 1: A fountain. One way stairs up to The Elemental Planes. Level 2: Level 3: Some fountains. Stairs down to The Gnomish Mines. Level 4: Level 5: Level 6: A grave. Level 7: "cleaver" Some fountains. Oracle of Delphi. Level 8: A potion shop, some fountains. Stairs up to Sokoban, level 7. Level 9: A grave. Level 10: A grave. Level 11: Some shops. Level 12: "foodstash, extra mithril" A temple. Level 13: A grave. Final resting place for torpedovariant-Sam-Hum-Fem-Law, killed by a troll. Level 14: A grave. Portal to The Quest. Level 15: A primitive area. Level 16: Level 17: A fountain. Level 18: Level 19: Level 20: A general store, a fountain. Level 21: A fountain, a sink. Level 22: A fountain. Level 23: Some fountains, many trees. Level 24: Level 25: A fountain. The castle (play notes "BECGC" to open or close drawbridge). Connection to Gehennom. Gehennom: levels 26 to 45 Level 26: A temple, many graves. Valley of the Dead. Level 27: Level 28: Level 29: Level 30: Level 31: Level 32: Level 33: Level 34: Stairs up to Vlad's Tower, level 33. Level 35: An untended shop, an altar, many graves. Level 36: Level 37: Level 38: Level 39: Level 40: Level 41: Level 42: Level 43: Level 44: Level 45: A temple, many graves. Moloch's Sanctum. The Gnomish Mines: levels 4 to 11 Level 4: "sell stash >" Level 5: Level 6: "backup mithril" An altar to Set, a fountain. Level 7: "backup holding" Level 8: "polytrap" Level 9: "backup holding >" Level 10: Level 11: The Quest: levels 1 to 6 Level 1: Many trees. Completed quest for Pelias. Level 2: Level 3: Level 4: Level 5: Level 6: An altar to Set. Sokoban: levels 7 up to 4 Level 4: Solved. Level 5: Solved. Level 6: Solved. Level 7: Solved. Vlad's Tower: levels 33 up to 31 Level 31: Level 32: Level 33: Goodbye torpedovariant the Demigoddess... You went to your reward with 1991314 points, Excalibur (worth 4000 zorkmids and 10000 points) The Candelabrum of Invocation (worth 5000 zorkmids and 12500 points) The Heart of Ahriman (worth 2500 zorkmids and 6250 points) The Book of the Dead (worth 10000 zorkmids and 25000 points) The Bell of Opening (worth 5000 zorkmids and 12500 points) and 0 pieces of gold, after 34415 moves. You were level 16 with a maximum of 314 hit points when you ascended.